 Dungeon Crawl Stone Soup version 0.28-a0-724-g66f9036eb4 (webtiles) character file.

Game seed: 9460898179493501927

7 meatgazer the Skirmisher (level 1, -5/18 HPs)
             Began as a Demonspawn Abyssal Knight on Oct 26, 2021.
             Was a Follower of Lugonu.
             Slain by an ancient zyme (9 damage)
             ... on level 2 of the Abyss.
             The game lasted 00:00:31 (118 turns).

meatgazer the Skirmisher (Demonspawn Abyssal Knight) Turns: 118, Time: 00:00:32

Health: -5/18      AC:  3    Str: 13    XL:     1   Next: 91%
Magic:  2/2        EV: 11    Int: 11    God:    Lugonu [*.....]
Gold:   0          SH:  0    Dex: 13    Spells: 0/0 levels left

rFire   . . .      SeeInvis .   a - +1 spear
rCold   . . .      Faith    .   (no shield)
rNeg    . . .      Spirit   .   b - +0 leather armour
rPois   .          Reflect  .   (no helmet)
rElec   .          Harm     .   (no cloak)
rCorr   .          Rampage  .   (no gloves)
Will    .....                   (no boots)
Stlth   +.........              (no amulet)
HPRegen 0.00/turn               (no ring)
MPRegen 0.08/turn               (no ring)

@: sick
A: no striking features
a: Renounce Religion, Depart the Abyss


You were on level 2 of the Abyss.
You worshipped Lugonu.
Lugonu was aware of your devotion.
You visited 0 branches of the dungeon, and saw 0 of its levels.
You visited the Abyss 1 time.

Inventory:

Hand Weapons
 a - a +1 spear (weapon)
Armour
 b - a +0 leather armour (worn)
 d - a +1 scale mail of fire resistance


   Skills:
 + Level 3.3 Fighting
 + Level 1.9 Polearms
 + Level 1.8 Armour
 + Level 0.9 Dodging
 + Level 2.5 Invocations


You couldn't memorise any spells.
You didn't know any spells.
Your spell library was empty.

Dungeon Overview and Level Annotations

Branches:
Dungeon (0/15)

Altars:


Message History

Press: ? - help, Dir - move target, f - you
Okay, then.
Unknown command.
Blink to where?
Press: ? - help, Dir - move target
As you read the scroll labelled INICRA QAORPHAFAH, it crumbles to dust.
It was a scroll of blinking.
The white imp barely misses you.
You hit the white imp.
The white imp is moderately wounded.
The white imp hits you but does no damage.
You hit the white imp.
The white imp is heavily wounded.
The white imp barely misses you.
You feel yourself growing ill in the presence of the ancient zyme.
You hit the white imp.
The white imp is severely wounded.
The white imp gestures at you. The puff of frost misses you.
You closely miss the white imp.
The white imp is severely wounded.
The white imp hits you but does no damage.
You hit the white imp but do no damage.
The white imp is severely wounded.
The white imp hits you. The white imp freezes you.
* * * LOW HITPOINT WARNING * * *
You feel ill.
You hit the white imp.
You kill the white imp!
You aren't carrying any potions.
You aren't carrying any potions.
You aren't carrying any scrolls.
Unknown command.
You are too injured to fight recklessly!
An ancient zyme is nearby!
You hit the ancient zyme but do no damage.
You hit the ancient zyme.
The ancient zyme is lightly damaged.
The ancient zyme barely misses you. The ancient zyme hits you!
Ouch! That really hurt!
You die...

♣♣♣..# ♣♣.....
....... .......
....... .
......######....
.....##.........
....##.@x.....#.
....#..............
....#.........#...
..#.#...#...#.. ..
.. ...
#........#..... #
.. ..
#..........#... . .
. ##..............
. .
##................
##......... .....
..


You could see an ancient zyme.

Vanquished Creatures
  A white imp (Abyss:2)
1 creature vanquished.

Notes
Turn   | Place    | Note
-------+----------+-------------------------------------------
     0 | Abyss:1  | meatgazer the Demonspawn Abyssal Knight began the quest for
                  | the Orb.
     0 | Abyss:1  | Reached XP level 1. HP: 18/18 MP: 2/2
    66 | Abyss:2  | Found a corrupted altar of Lugonu.
   111 | Abyss:2  | Noticed an ancient zyme
   118 | Abyss:2  | Slain by an ancient zyme

Illustrated notes

Levels and vault maps discovered:
Abyss:2:  base: Temple, evilmike_abyss_exit_11

Action                   || total
-------------------------++-------
Melee: Spear             ||     8
  Use: Scroll            ||     1
Armor: Leather armour    ||     2
Dodge: Dodged            ||     4

Table legend: (Time is in decaauts)
 A = Elapsed time spent in this place.
 B = Non-inter-level travel time spent in this place.
 C = Inter-level travel time spent in this place.
 D = Time resting spent in this place.
 E = Time spent auto-exploring this place.
 F = Levels seen in this place.
 G = Mean time per level.
                   A        B        C        D        E       F      G
               +--------+--------+--------+--------+--------+-----+--------+
         Total |    117 |    117 |      0 |      0 |     84 |   2 |   58.5 |
         Abyss |    117 |    117 |      0 |      0 |     84 |   2 |   58.5 |
               +--------+--------+--------+--------+--------+-----+--------+

Top non-repeatable levels by time:
 Abyss:2: 80 daAuts
 Abyss:1: 37 daAuts
